Map: Whirlwind LE (Void)

Players

losira - Winner!

  • Race: Zerg Zerg
  • Spawn Location: 7:00

herO

  • Race: Protoss Protoss
  • Spawn Location: 1:00

Event: IEM Season 11 - Gyeonggi

VOD

https://www.youtube.com/watch?v=qExi1EPAEmg

Description

Time

  • Played on: Dec. 13, 2016, 9:38 p.m.
  • Length: 11:35

All games in this series

Show
View Real Time Build Order
Export as new Build Order

losira Zerg - Winner!

Build Orders: Pool First 

Get SALT Encoding   

  12  0:05  Drone  
  13  0:12  Overlord  
  13  0:17  Drone  
  14  0:30  Drone x2  
  16  0:37  Drone  
  17  0:44  Extractor  
  17  0:48  Spawning Pool  
  17  0:49  Drone  
  16  0:59  Drone  
  17  1:10  Drone  
  18  1:21  Drone  
  19  1:35  Queen  
  19  1:36  Zergling x2  
  22  1:47  Overlord  
  22  2:07  Drone x2  
  24  2:12  Queen, Hatchery  
  24  2:15  Drone  
  26  2:24  Hatchery  
  25  2:30  Drone  
  25  2:36  Drone  
  27  2:46  Drone x3  
  30  2:58  Drone, Evolution Chamber  
  29  3:01  Overlord  
  30  3:20  Metabolic Boost  
  30  3:23  Zerg Melee Weapons Level 1  
  30  3:24  Drone  
  30  3:25  Drone x4  
  30  3:27  Queen  
  37  3:34  Overlord  
  37  3:36  Drone  
  37  3:37  Zergling x2  
  37  3:39  Zergling x2  
  40  3:46  Zergling x2  
  41  3:53  Spore Crawler  
  40  3:57  Drone x2  
  40  3:58  Drone x2  
  44  4:03  Drone x3  
  44  4:05  Drone  
  44  4:06  Drone  
  48  4:13  Drone  
  48  4:14  Drone x2  
  48  4:16  Overlord  
  51  4:18  Zergling x4  
  53  4:24  Queen  
  53  4:27  Overlord  
  53  4:28  Zergling x2  
  53  4:30  Zergling x2  
  57  4:34  Zergling x2  
  57  4:35  Zergling x4  
  57  4:36  Zergling x6  
  63  4:42  Zergling x4  
  63  4:43  Queen  
  63  4:45  Zergling x2  
  67  4:50  Zergling x2  
  67  4:52  Spore Crawler  
  66  4:53  Zergling x4  
  66  4:58  Drone x3  
  68  5:07  Drone  
  68  5:08  Drone x4  
  68  5:11  Drone  
  68  5:12  Zergling x6  
  74  5:15  Lair  
  74  5:18  Overlord  
  74  5:20  Zergling x2  
  71  5:21  Zergling x2  
  71  5:26  Zergling x2  
  71  5:27  Zergling x6  
  71  5:28  Zergling x2  
  69  5:31  Zergling x2  
  69  5:33  Zergling x6  
  69  5:35  Zergling x2  
  71  5:39  Zergling x2  
  73  5:42  Drone  
  73  5:43  Drone x2  
  73  5:45  Drone  
  75  5:52  Drone x2  
  75  5:54  Drone x3  
  80  5:59  Queen  
  80  6:00  Spore Crawler  
  75  6:06  Drone, Spore Crawler  
  75  6:07  Spore Crawler  
  75  6:08  Drone x3  
  72  6:11  Drone  
  72  6:15  Drone  
  72  6:16  Drone x2  
  68  6:19  Drone  
  63  6:25  Drone  
  63  6:26  Drone x4  
  66  6:37  Roach Warren  
  64  6:48  Overlord, Queen  
  64  6:55  Queen, Extractor  
  64  6:56  Overlord  
  64  6:57  Extractor  
  64  6:58  Zerg Missile Weapons Level 1  
  64  7:01  Overseer  
  64  7:02  Overlord  
  64  7:03  Drone  
  64  7:04  Overlord  
  64  7:06  Queen  
  64  7:08  Drone x3  
  70  7:09  Drone, Extractor  
  70  7:12  Drone x2  
  70  7:14  Drone  
  73  7:19  Overlord  
  68  7:23  Drone  
  68  7:24  Drone x2, Queen  
  73  7:30  Overlord  
  73  7:31  Queen  
  72  7:44  Queen  
  72  7:50  Overlord, Nydus Network  
  66  7:55  Roach x9  
  83  8:00  Glial Reconstitution, Queen  
  85  8:06  Queen, Overlord  
  85  8:10  Drone  
  88  8:13  Overlord  
  88  8:14  Drone  
  88  8:15  Drone  
  88  8:16  Roach x2  
  88  8:18  Overlord  
  94  8:21  Queen  
  94  8:26  Nydus Canal  
  96  8:29  Drone x3  
  96  8:32  Roach x2  
  103  8:34  Roach  
  103  8:35  Roach  
  103  8:39  Roach  
  103  8:40  Roach  
  111  8:44  Spore Crawler  
  110  8:50  Spore Crawler  
  109  8:58  Spore Crawler, Roach x2  
  109  8:59  Queen  
  109  9:02  Queen  
  116  9:03  Roach, Spore Crawler  
  116  9:05  Roach  
  116  9:07  Roach  
  116  9:08  Roach  
  121  9:10  Overlord  
  121  9:13  Roach  
  121  9:16  Roach  
  119  9:17  Roach  
  119  9:18  Overlord  
  119  9:21  Roach  
  119  9:22  Roach  
  119  9:24  Ravager  
  119  9:25  Overlord  
  119  9:27  Roach  
  119  9:28  Roach  
  119  9:35  Spore Crawler  
  116  9:41  Queen  
  116  9:42  Queen x2  
  118  9:50  Roach  
  118  9:51  Roach  
  120  9:53  Roach  
  120  9:54  Roach  
  120  9:56  Roach  
  120  9:57  Roach x2  
  120  9:58  Roach  
  132  10:00  Roach  
  132  10:02  Roach  
  134  10:07  Roach  
  134  10:09  Roach  
  134  10:10  Roach  
  134  10:11  Roach  
  134  10:13  Roach  
  138  10:15  Roach  
  138  10:19  Queen  
  132  10:23  Queen  
  128  10:29  Roach  
  128  10:31  Roach, Overlord  
  128  10:32  Roach  
  128  10:33  Roach  
  136  10:39  Roach x2  
  136  10:40  Roach  
  136  10:41  Roach  
  142  10:43  Roach  
  142  10:46  Roach  
  142  10:48  Roach  
  146  10:50  Roach  
  146  10:53  Roach  
  146  10:54  Roach  
  146  10:55  Roach  
  148  10:59  Roach  
  148  11:00  Roach  
  152  11:09  Roach  
  146  11:11  Roach  
  146  11:13  Roach  
  146  11:15  Roach  
Show
View Real Time Build Order
Export as new Build Order

herO Protoss 

Build Orders: 1 Gate Expand, Mass Adepts 

Get SALT Encoding   

  12  0:01  Probe (Chrono Boost)  
  13  0:11  Probe (Chrono Boost)  
  14  0:20  Pylon  
  14  0:22  Probe (Chrono Boost)  
  15  0:38  Probe (Chrono Boost)  
  15  0:42  Gateway  
  16  0:49  Probe (Chrono Boost)  
  17  0:50  Assimilator  
  17  0:59  Probe (Chrono Boost)  
  18  1:10  Probe (Chrono Boost)  
  19  1:22  Nexus  
  19  1:25  Probe (Chrono Boost)  
  20  1:34  Cybernetics Core  
  20  1:37  Probe (Chrono Boost)  
  21  1:43  Assimilator  
  21  1:48  Probe (Chrono Boost)  
  21  1:52  Pylon  
  22  1:59  Probe (Chrono Boost)  
  22  2:09  Probe (Chrono Boost)  
  22  2:11  Warp Gate (Chrono Boost)  
  23  2:16  Pylon  
  23  2:32  Probe  
  23  2:34  Mothership Core, Adept  
  28  2:43  Probe  
  29  2:52  Gateway  
  29  2:53  Probe  
  29  2:55  Probe  
  31  2:59  Gateway  
  31  3:01  Adept  
  31  3:04  Probe  
  33  3:07  Probe  
  35  3:14  Probe  
  35  3:18  Pylon  
  35  3:19  Probe  
  37  3:26  Probe  
  37  3:28  Adept  
  37  3:31  Probe  
  41  3:36  Probe  
  41  3:38  Pylon  
  42  3:43  Probe (Chrono Boost)  
  43  3:48  Probe (Chrono Boost)  
  44  3:56  Probe (Chrono Boost)  
  44  3:59  Probe (Chrono Boost)  
  46  4:03  Adept x3  
  46  4:06  Probe (Chrono Boost)  
  52  4:10  Probe (Chrono Boost), Stargate  
  52  4:11  Stargate  
  52  4:15  Assimilator  
  52  4:18  Assimilator  
  52  4:20  Probe (Chrono Boost)  
  54  4:25  Adept x3  
  54  4:29  Pylon  
  54  4:31  Probe (Chrono Boost)  
  60  4:33  Probe (Chrono Boost)  
  61  4:40  Pylon  
  61  4:41  Probe (Chrono Boost)  
  62  4:47  Probe (Chrono Boost)  
  62  4:51  Adept x3  
  69  4:59  Oracle x2 (Chrono Boost)  
  75  5:12  Adept x2  
  77  5:15  Pylon  
  71  5:31  Phoenix x2 (Chrono Boost)  
  71  5:35  Nexus  
  73  5:39  Pylon  
  73  5:42  Pylon  
  73  5:43  Probe x2  
  75  5:52  Adept  
  75  5:54  Phoenix (Chrono Boost)  
  79  5:58  Phoenix (Chrono Boost)  
  79  6:01  Probe  
  79  6:03  Probe  
  83  6:14  Probe  
  83  6:15  Probe, Phoenix (Chrono Boost)  
  87  6:19  Phoenix (Chrono Boost)  
  87  6:22  Adept x3  
  89  6:26  Probe  
  89  6:27  Probe  
  89  6:30  Pylon  
  93  6:45  Fleet Beacon  
  91  6:49  Probe (Chrono Boost)  
  91  6:50  Probe (Chrono Boost)  
  91  6:51  Assimilator  
  91  6:52  Protoss Air Weapons Level 1  
  91  6:53  Probe (Chrono Boost)  
  92  6:58  Forge  
  92  7:00  Probe (Chrono Boost)  
  92  7:01  Probe (Chrono Boost)  
  94  7:04  Probe (Chrono Boost)  
  94  7:07  Assimilator  
  95  7:10  Twilight Council  
  95  7:11  Probe x2 (Chrono Boost)  
  95  7:14  Probe (Chrono Boost)  
  95  7:15  Adept x3  
  106  7:23  Probe x2 (Chrono Boost)  
  106  7:25  Probe (Chrono Boost)  
  106  7:29  Pylon  
  107  7:33  Carrier (Chrono Boost)  
  107  7:39  Probe  
  114  7:46  Pylon  
  114  7:49  Pylon  
  120  7:53  Stargate  
  120  7:54  Carrier (Chrono Boost)  
  120  7:56  Probe  
  127  8:14  Photon Cannon, Gateway  
  127  8:15  Gateway  
  127  8:17  Gateway  
  127  8:26  Gateway  
  127  8:29  Gateway  
  127  8:30  Adept x3  
  133  8:36  Photon Cannon  
  133  8:39  Pylon  
  133  8:41  Pylon  
  133  8:46  Photon Cannon  
  133  8:47  Pylon  
  127  8:49  Pylon  
  127  8:50  Adept x3  
  127  8:52  Pylon  
  127  8:54  Resonating Glaives (Chrono Boost)  
  133  9:00  Pylon  
  123  9:11  Mothership Core (Chrono Boost)  
  123  9:12  Adept x3  
  117  9:21  Photon Cannon  
  117  9:22  Adept x4  
  111  9:30  Adept  
  101  9:33  Adept x3  
  105  9:45  Adept x3  
  105  9:46  Adept  
  105  9:50  Pylon  
  97  9:57  Mothership Core (Chrono Boost), Pylon  
  90  10:02  Adept x4  
  90  10:06  Adept x4  
  70  10:22  Robotics Facility  
  70  10:26  Adept x5  
  74  10:28  Mothership Core  
  74  10:38  Sentry  
  74  10:39  Sentry x2  
  60  11:00  Adept x3  
  60  11:01  Adept x3  
  60  11:02  Adept  
  60  11:03  Adept  

Tags
 
Add a new tag
Caveats
  • Supply blocks, unpowered buildings, or Contaminate may cause inaccurate times.
  • Supply counts are checked every 10 seconds.